 Dungeon Crawl Stone Soup version 0.30-a0-779-g7971cf19c3 (webtiles) character file.

Game seed: 298219378084912084

5 Firecrotchwizard the Chopper (level 1, -1/20 HPs)
             Began as a Hill Orc Monk on Feb 18, 2023.
             Slain by a ball python (2 damage)
             ... on level 1 of the Dungeon.
             The game lasted 00:00:17 (33 turns).

Firecrotchwizard the Chopper (Hill Orc Monk)          Turns: 33, Time: 00:00:18

Health: -1/20      AC:  2    Str: 13    XL:     1   Next: 80%
Magic:  1/1        EV:  9    Int: 10    God:
Gold:   0          SH:  0    Dex: 13    Spells: 0/0 levels left

rFire   . . .      SeeInvis .    a - +0 hand axe
rCold   . . .      Faith    .    (no shield)
rNeg    . . .      Spirit   .    b - +0 robe
rPois   .          Reflect  .    (no helmet)
rElec   .          Harm     .    (no cloak)
rCorr   .          Rampage  .    (no gloves)
Will    .....                    (no boots)
Stlth   ++                       (no amulet)
HPRegen 0.23/turn                (no ring)
MPRegen 0.07/turn                (no ring)

@: constricted
A: no striking features
a: no special abilities


You were on level 1 of the Dungeon.
You visited 1 branch of the dungeon, and saw 1 of its levels.

Inventory:

Hand Weapons
 a - a +0 hand axe (weapon)
Armour
 b - a +0 robe (worn)
Potions
 G - a potion of ambrosia {!q}


   Skills:
 + Level 3.8 Fighting
 * Level 4.3 Axes
 - Level 2.4 Dodging
 - Level 1.5 Stealth


You couldn't memorise any spells.
You didn't know any spells.
Your spell library was empty.

Dungeon Overview and Level Annotations

Branches:
Dungeon (1/15)

Altars:


Message History

Bad channel name for runrest: 'Jiyva says: Divide and consume' Welcome, Firecrotchwizard the Hill Orc Monk.
Are you destined to find the magnificent Orb of Zot, or to die trying?
Found a staircase leading out of the dungeon.
An endoplasm and a giant cockroach come into view.
A goblin comes into view. It is wielding a +0 club.
A ball python comes into view.
The ball python hisses angrily.
The goblin shouts!
The giant cockroach closely misses you.
You barely miss the giant cockroach. The giant cockroach bites you.
The giant cockroach barely misses you.
You take 1 damage, and have 18/19 hp.
The endoplasm quivers.
You hit the giant cockroach. The giant cockroach barely misses you.
Health restored: 19 You hit the giant cockroach but do no damage.
The giant cockroach bites you.
The teleport trap disappears.
The goblin disappears!
The goblin reappears nearby!
A goblin comes into view. It is wielding a +0 club.
You take 1 damage, and have 18/19 hp.
The goblin shouts!
You hit the giant cockroach.
You kill the giant cockroach!
You barely miss the goblin. The goblin hits you with a +0 club.
The ball python bites you but does no damage.
The ball python grabs you. The ball python constricts you.
You take 2 damage, and have 16/20 hp.
You closely miss the ball python. You hit the endoplasm. You hit the goblin.
The endoplasm hits you. The ball python barely misses you.
The ball python constricts you. The goblin closely misses you.
You take 2 damage, and have 14/20 hp.
You hit the goblin.
You kill the goblin!
You barely miss the endoplasm. You closely miss the ball python.
The ball python bites you. The ball python constricts you.
The endoplasm hits you.
You take 4 damage, and have 10/20 hp.
You hit the endoplasm. You barely miss the ball python.
The ball python barely misses you. The ball python constricts you.
The endoplasm freezes you.
You are frozen.
* * * LOW HITPOINT WARNING * * *
The ball python barely misses you. The ball python constricts you.
You take 5 damage, and have 5/20 hp.
MASSIVE DAMAGE!!
You hit the endoplasm. You barely miss the ball python.
The endoplasm hits you but does no damage.
A ball python comes into view.
The ball python closely misses you. The ball python constricts you.
The ball python hisses angrily.
You hit the endoplasm.
You kill the endoplasm!
You barely miss the ball python. You hit the goblin.
The goblin closely misses you. The ball python closely misses you.
The ball python constricts you.
You miss the goblin. You barely miss the ball python.
The goblin barely misses you. The ball python bites you.
* * * LOW HITPOINT WARNING * * *
The ball python constricts you.
You take 1 damage, and have 4/20 hp.
You hit the goblin.
You kill the goblin!
You completely miss the ball python. The ball python barely misses you.
The ball python constricts you. The ball python bites you.
* * * LOW HITPOINT WARNING * * *
The ball python constricts you.
You hit the ball python. The ball python bites you.
* * * LOW HITPOINT WARNING * * *
The ball python constricts you.
You take 1 damage, and have 3/20 hp.
You hit the ball python but do no damage.
The ball python barely misses you. The ball python constricts you.
The ball python bites you but does no damage.
You closely miss the ball python. You hit the ball python.
The ball python bites you.
* * * LOW HITPOINT WARNING * * *
The ball python constricts you. The ball python bites you.
You die...

#.........
.######........
#.............
......#......
............
...........#####
........##.....####
..................###
......)@.#......#...#
......SS##......#.<.#
.........#...##.#...#
....?..#.#...##.###...
#(.....
..........####..
......##...######## #
...... ..... .##...
#...#


You could see 2 ball pythons.

Vanquished Creatures
  An endoplasm (D:1)
  A giant cockroach (D:1)
  2 goblins (D:1)
4 creatures vanquished.

Notes
Turn   | Place    | Note
-------+----------+-------------------------------------------
     0 | D:1      | Firecrotchwizard the Hill Orc Monk began the quest for the
                  | Orb.
     0 | D:1      | Reached XP level 1. HP: 19/19 MP: 1/1
    26 | D:1      | HP: 5/20 [frozen (5)]
    31 | D:1      | HP: 3/20 [ball python (1)]
    33 | D:1      | HP: 1/20 [ball python (2)]
    33 | D:1      | Slain by a ball python

Illustrated notes

Levels and vault maps discovered:
D:1:      amcnicky_arrival_double_pillar, layout_rooms

Action                     || total
---------------------------++-------
  Melee: Hand axe          ||    14
 Armour: Robe              ||     3
  Dodge: Dodged            ||    13

Table legend: (Time is in decaauts)
 A = Elapsed time spent in this place.
 B = Non-inter-level travel time spent in this place.
 C = Inter-level travel time spent in this place.
 D = Time resting spent in this place.
 E = Time spent auto-exploring this place.
 F = Levels seen in this place.
 G = Mean time per level.
                   A        B        C        D        E       F      G
               +--------+--------+--------+--------+--------+-----+--------+
         Total |     34 |     34 |      0 |      0 |     15 |   1 |   34.0 |
       Dungeon |     34 |     34 |      0 |      0 |     15 |   1 |   34.0 |
               +--------+--------+--------+--------+--------+-----+--------+

Top non-repeatable levels by time:
     D:1: 34 daAuts

Table legend:
 A = Kills in this place as a percentage of kills in entire the game.
 B = Kills by you in this place as a percentage of kills by you in the entire game.
 C = Kills by friends in this place as a percentage of kills by friends in the entire game.
 D = Other kills in this place as a percentage of other kills in the entire game.
 E = Experience gained in this place as a percentage of experience gained in the entire game.
 F = Experience gained in this place divided by the number of levels of this place that you have seen.
                   A       B       C       D       E      F
               +-------+-------+-------+-------+-------+----------------------
         Total | 100.0 | 100.0 |   N/A |   N/A | 100.0 |   8.0
       Dungeon | 100.0 | 100.0 |   N/A |   N/A | 100.0 |   8.0
               +-------+-------+-------+-------+-------+----------------------
